 Dungeon Crawl Stone Soup version 0.25-a0-353-ged6d54792d (webtiles) character file.

Game seed: 8375975235435202902, levelgen mode: deterministic

369 Inarius the Chopper (level 6, 0/46 HPs)
             Began as a Mummy Gladiator on Jan 2, 2020.
             Slain by an adder (4 damage)
             ... on level 3 of the Dungeon.
             The game lasted 00:04:37 (3679 turns).

Inarius the Chopper (Mummy Gladiator)               Turns: 3679, Time: 00:04:38

Health: 0/46       AC: 11    Str: 20    XL:     6   Next: 41%
Magic:  6/6        EV:  8    Int:  7    God:
Gold:   221        SH:  0    Dex: 13    Spells: 5/5 levels left

rFire    x . .     SeeInvis .   m - +4 hand axe
rCold    + + .     Gourm    .   (no shield)
rNeg     + + +     Faith    .   f - +1 chain mail {rC+}
rPois    ∞         Spirit   .   c - +0 helmet
rElec    .         Reflect  .   (no cloak)
rCorr    .         Harm     .   (no gloves)
MR       .....                  (no boots)
Stlth    ..........             (no amulet)
HPRegen  0.15/turn              (no ring)
MPRegen  0.10/turn              (no ring)

@: no status effects
A: no food or potions, fire vulnerability, cold resistance 1, negative energy
resistance 3, torment resistance, unbreathing
a: no special abilities


You were on level 3 of the Dungeon.
You were not hungry.

You visited 1 branch of the dungeon, and saw 4 of its levels.

You collected 221 gold pieces.

Inventory:

Hand Weapons
 a - a +0 war axe
 m - a +4 hand axe (weapon)
Missiles
 b - 154 stones
 d - 3 throwing nets (quivered)
Armour
 c - a +0 helmet (worn)
 f - a +1 chain mail of cold resistance (worn)
Scrolls
 g - 2 scrolls of fog
 h - 2 scrolls of remove curse
 i - a scroll of amnesia {unknown}
 j - a scroll of enchant weapon {unknown}
 k - a scroll of random uselessness {unknown}
 l - a scroll of teleportation {unknown}
 n - a scroll of magic mapping {unknown}


   Skills:
 + Level 2.9 Fighting
 * Level 5.0 Axes
 - Level 1.5 Throwing
 * Level 2.6 Armour
 - Level 2.4 Dodging


You had 5 spell levels left.
You didn't know any spells.
Your spell library contained the following spells:

 Spells                   Type           Power        Failure   Level  Hunger
 Corona                   Hex            #......      99%         1    N/A
 Ensorcelled Hibernation  Hex/Ice        #.....       100%        2    N/A
 Confuse                  Hex            #.......     100%        3    N/A
 Dazzling Flash           Conj/Hex       #.....       100%        3    N/A
 Tukima's Dance           Hex            #.......     100%        3    N/A

Dungeon Overview and Level Annotations

Branches:
Dungeon (4/15)             Temple (0/1) D:4

Altars:


Innate Abilities, Weirdness & Mutations

You do not eat or drink.
Your flesh is vulnerable to fire.
You are immune to poison.
Your flesh is cold resistant. (rC+)
You are immune to negative energy. (rN+++)
You are immune to unholy pain and torment.
You can survive without breathing.


Message History

You climb upwards.
There is a stone staircase leading down here.
Unknown command.
Unknown command.
Unknown command.
You barely miss the adder. The adder bites you but does no damage.
You hit the adder but do no damage.
The adder bites you but does no damage. x2
Your chain mail prevents you from hitting the adder.
The adder bites you.
* * * LOW HITPOINT WARNING * * *
You hit the adder.
The adder is heavily wounded.
The adder bites you but does no damage.
Your chain mail prevents you from hitting the adder.
The adder is heavily wounded.
The adder bites you but does no damage. The adder barely misses you.
You barely miss the adder.
The adder is moderately wounded.
The adder bites you.
You die...

##......#..#.# #...##.#
######.####.# ##.###.#
#######'#....# #.# #.#
#.........#### #.###.#
#>........# #.....#
#.%.......#################
#######.#.#...............#
#.#)#.#############.#
#.#.#.#...@S...# #.#
#.#.#.#.######.# #.#
#######.#.#.#.#....#.# #.#
#.......#.#.#.#.##.#.####.#
#.......'.#.#......#......#
#.......###.###.###########
#.......).....#)####....<#
#.#########.#.#).....###.#
#.# #.#.######## #.#


You could see an adder.

Vanquished Creatures
  A phantom (D:4)
  An orc priest (D:3)
  An iguana (D:4)
  An orc wizard (D:4)
  2 worker ants
  5 adders
  An adder skeleton (D:4)
  4 worms
  A dart slug (D:1)
  18 orcs
  10 bats
  3 giant cockroaches (D:3)
  7 goblins
  9 hobgoblins
  4 jackals (D:2)
  3 quokkas (D:2)
  2 frilled lizards
  4 kobolds
  7 rats
84 creatures vanquished.

Notes
Turn   | Place    | Note
-------+----------+-------------------------------------------
     0 | D:1      | Inarius the Mummy Gladiator began the quest for the Orb.
     0 | D:1      | Reached XP level 1. HP: 16/16 MP: 1/1
   272 | D:1      | You fall into a shaft and drop 1 floor!
   285 | D:2      | Reached XP level 2. HP: 14/22 MP: 2/2
   475 | D:1      | Reached skill level 3 in Axes
  1100 | D:2      | Reached XP level 3. HP: 21/27 MP: 3/3
  1398 | D:2      | Reached skill level 1 in Armour
  1589 | D:2      | Reached XP level 4. HP: 33/33 MP: 4/4
  2338 | D:3      | Reached skill level 4 in Axes
  2601 | D:3      | Reached XP level 5. HP: 38/39 MP: 5/5
  3120 | D:4      | Noticed a phantom
  3370 | D:4      | Killed a phantom
  3370 | D:4      | Reached XP level 6. HP: 32/46 MP: 6/6
  3471 | D:4      | Found a staircase to the Ecumenical Temple.
  3666 | D:4      | Noticed an orc warrior
  3671 | D:4      | Reached skill level 5 in Axes
  3679 | D:3      | Slain by an adder

Levels and vault maps discovered:
D:1:      nzn_arrival_settlement, layout_basic
D:2:      layout_basic, first_ration
D:3:      layout_basic
D:4:      layout_basic, minmay_temple_entry_crystal_x

Skill      XL: |  1  2  3  4  5  6 |
---------------+-------------------+-----
Axes           | 3 4 5 |  5.0
Armour         | 1 2 |  2.6
Fighting       | |  2.9
Throwing       | |  1.5
Dodging        | |  2.4

Action                   |  1- 3 |  4- 6 || total
-------------------------+-------+-------++-------
Melee: War axe           |   130 |   101 ||   231
       Hand axe          |       |    62 ||    62
Throw: Throwing net      |       |     3 ||     3
  Use: Scroll            |       |     2 ||     2
Armor: Leather armour    |    14 |       ||    14
       Ring mail         |    49 |    42 ||    91
       Chain mail        |       |    18 ||    18
Dodge: Dodged            |   101 |    91 ||   192

Table legend:
 A = Non-vault XP
 B = Vault XP
 C = Vault XP percentage of total XP
 D = Non-vault monster count
 E = Vault monster count
 F = Vault count percentage of total count
                 A         B        C        D         E       F
            +---------+---------+-------+---------+---------+-------
      Total |     528 |       0 |   0.0 |      84 |       0 |   0.0
            +---------+---------+-------+---------+---------+-------
        D:1 |      24 |       0 |   0.0 |      13 |       0 |   0.0
        D:2 |      87 |       0 |   0.0 |      26 |       0 |   0.0
        D:3 |     177 |       0 |   0.0 |      36 |       0 |   0.0
        D:4 |     240 |       0 |   0.0 |       9 |       0 |   0.0
            +---------+---------+-------+---------+---------+-------
